Map: 필러스 오브 골드 - 래더

Players

cure - Winner!

  • Race: Terran Terran
  • Spawn Location: 1:00

MaxPax

  • Race: Protoss Protoss
  • Spawn Location: 7:00

Event: StayAtHome Story Cup #3

VOD

Have the link to the VOD?

Description

Time

  • Played on: March 12, 2021, 8:26 a.m.
  • Length: 13:59

All games in this series

Show
View Real Time Build Order
Export as new Build Order

cure Terran - Winner!

Build Orders: Reaper Expand 

Get SALT Encoding   

  12  0:00  SCV  
  13  0:12  SCV  
  14  0:17  Supply Depot  
  14  0:24  SCV  
  15  0:39  SCV  
  15  0:41  Barracks  
  16  0:45  Refinery  
  16  0:51  SCV  
  17  1:03  SCV  
  18  1:15  SCV  
  19  1:28  Orbital Command  
  19  1:29  Reaper  
  20  1:45  Command Center  
  20  1:54  SCV  
  20  1:58  Supply Depot  
  20  2:01  Marine  
  22  2:08  SCV  
  23  2:17  Factory  
  23  2:19  Marine  
  23  2:20  SCV  
  25  2:35  SCV  
  26  2:37  Marine  
  27  2:47  SCV  
  27  2:55  Marine  
  26  2:59  SCV  
  26  3:04  Hellion, Bunker  
  29  3:06  Starport  
  29  3:13  Marine  
  30  3:21  SCV  
  30  3:24  Orbital Command  
  30  3:31  Hellion  
  30  3:33  SCV  
  33  3:35  Marine  
  33  3:45  SCV, Medivac  
  36  3:51  SCV  
  36  3:53  Hellion  
  36  3:55  Refinery  
  39  3:56  Barracks Reactor  
  39  3:58  SCV  
  40  4:03  SCV, Supply Depot  
  41  4:12  SCV  
  41  4:14  Factory Tech Lab  
  41  4:16  Refinery, SCV, Starport Tech Lab  
  43  4:24  SCV  
  43  4:28  SCV  
  45  4:34  Supply Depot  
  45  4:36  SCV, Marine x2  
  45  4:37  Siege Tank  
  50  4:40  SCV  
  47  4:48  SCV  
  47  4:52  SCV  
  46  5:00  SCV  
  46  5:02  Marine  
  46  5:03  Marine  
  46  5:04  SCV  
  50  5:10  Siege Tank  
  50  5:12  SCV  
  51  5:16  SCV  
  48  5:25  SCV  
  48  5:27  Marine x2  
  47  5:28  SCV  
  47  5:37  SCV  
  47  5:39  Raven  
  47  5:40  SCV  
  51  5:45  Marine x2  
  51  5:49  SCV  
  54  5:52  SCV  
  55  6:00  Siege Tank  
  55  6:01  SCV  
  57  6:04  SCV, Marine x2  
  57  6:06  Barracks  
  60  6:13  SCV  
  60  6:17  SCV  
  62  6:24  Supply Depot  
  62  6:25  Barracks  
  62  6:27  SCV, Marine x2  
  62  6:29  SCV  
  62  6:30  Engineering Bay  
  66  6:34  Bunker  
  66  6:36  Starport Reactor  
  66  6:39  SCV, Siege Tank  
  70  6:45  Marine x2  
  70  6:46  SCV  
  73  6:50  Supply Depot  
  73  6:51  SCV  
  74  6:56  Terran Infantry Weapons Level 1  
  74  6:58  SCV  
  75  7:03  SCV, Supply Depot  
  75  7:08  Stimpack  
  76  7:12  SCV  
  78  7:15  SCV  
  78  7:23  Factory Reactor, Combat Shield  
  78  7:24  Marine x4  
  78  7:27  Refinery, Supply Depot  
  82  7:30  Medivac  
  82  7:34  Supply Depot  
  82  7:36  SCV x2  
  86  7:48  Marine x4, Medivac  
  86  7:50  Supply Depot  
  92  7:51  Supply Depot  
  90  7:59  SCV  
  90  8:00  SCV  
  90  8:01  Medivac  
  90  8:03  Hellion  
  90  8:04  Hellion  
  98  8:06  Armory  
  98  8:10  Marauder x2  
  98  8:12  Marine  
  103  8:13  Marine  
  104  8:21  Medivac  
  104  8:25  Hellion x2  
  110  8:30  Marine  
  110  8:31  Marauder x2, Marine  
  116  8:41  Medivac  
  118  8:45  Supply Depot x3  
  117  8:54  Terran Infantry Armor Level 1  
  117  9:01  Marine  
  118  9:06  Marauder x2, Marine, Medivac  
  118  9:09  Widow Mine x2  
  129  9:14  Supply Depot  
  129  9:15  Command Center  
  127  9:19  Marine  
  127  9:21  SCV x2  
  127  9:24  Marine, Medivac  
  128  9:28  Marauder x2  
  134  9:33  Widow Mine x2  
  138  9:47  Barracks  
  138  9:49  Barracks  
  123  9:53  Marauder x2, Marine x2  
  123  9:55  Widow Mine x2, Medivac  
  128  10:07  Medivac  
  114  10:16  SCV x2  
  114  10:18  Marine  
  114  10:19  Marauder x2, Marine  
  117  10:23  Widow Mine x2  
  117  10:25  Medivac  
  123  10:34  Orbital Command  
  110  10:37  Barracks Reactor, Barracks Tech Lab  
  101  10:48  Marauder, Marine x2  
  101  10:49  Widow Mine, Marauder  
  105  10:50  Widow Mine, Viking  
  105  10:55  Viking  
  109  11:00  Marauder  
  107  11:05  Orbital Command, SCV  
  107  11:06  SCV  
  107  11:10  Terran Infantry Weapons Level 2, Marauder x2  
  113  11:23  Medivac  
  113  11:25  Medivac  
  117  11:29  Marauder  
  117  11:31  Marauder  
  121  11:35  Widow Mine x2  
  121  11:38  Marine x2  
  121  11:39  Marauder  
  118  11:43  Marine x2  
  110  11:50  Marine  
  110  11:52  Marine  
  110  11:53  Viking  
  109  11:56  Viking  
  109  12:04  Marine  
  109  12:05  Marauder  
  91  12:32  Marauder, Marine x3  
  88  12:42  Marauder  
  83  12:54  Marine x2  
  84  13:02  Orbital Command  
  76  13:06  Marine  
  75  13:30  Marine x2  
  77  13:37  Marauder  
Show
View Real Time Build Order
Export as new Build Order

MaxPax Protoss 

Build Orders:  

Get SALT Encoding   

  12  0:00  Probe  
  13  0:12  Probe  
  14  0:17  Pylon  
  14  0:24  Probe  
  15  0:36  Probe  
  15  0:41  Pylon  
  16  0:48  Probe  
  17  1:00  Probe, Gateway  
  18  1:04  Assimilator  
  18  1:13  Probe  
  19  1:25  Probe  
  20  1:46  Zealot (Chrono Boost)  
  20  1:49  Cybernetics Core  
  20  1:53  Nexus  
  22  2:02  Probe  
  22  2:04  Zealot (Chrono Boost)  
  25  2:14  Probe  
  26  2:17  Assimilator  
  26  2:23  Stalker (Chrono Boost)  
  26  2:26  Probe  
  28  2:38  Probe  
  29  2:45  Stalker (Chrono Boost)  
  31  2:55  Probe  
  28  3:01  Warp Gate (Chrono Boost)  
  28  3:06  Probe  
  28  3:07  Probe  
  28  3:10  Gateway  
  28  3:12  Adept (Chrono Boost)  
  32  3:17  Gateway  
  32  3:18  Probe  
  33  3:22  Probe  
  34  3:30  Probe  
  33  3:34  Probe  
  33  3:42  Probe  
  33  3:46  Probe  
  35  3:52  Twilight Council, Adept  
  35  3:54  Probe  
  38  3:58  Probe  
  39  4:03  Pylon  
  39  4:06  Probe  
  40  4:10  Probe  
  40  4:15  Shield Battery  
  41  4:19  Probe  
  41  4:22  Probe  
  43  4:29  Robotics Facility  
  43  4:30  Shield Battery, Blink (Chrono Boost)  
  43  4:31  Probe  
  44  4:35  Probe  
  45  4:43  Probe  
  46  4:47  Probe  
  46  4:51  Adept x3  
  53  4:55  Probe  
  53  4:57  Pylon  
  50  5:05  Probe  
  43  5:11  Stalker  
  43  5:12  Stalker  
  43  5:15  Probe  
  43  5:18  Probe  
  44  5:27  Probe (Chrono Boost)  
  37  5:29  Adept  
  37  5:34  Probe (Chrono Boost)  
  38  5:36  Stalker  
  38  5:38  Observer  
  38  5:39  Probe (Chrono Boost)  
  42  5:47  Probe x2 (Chrono Boost)  
  44  5:53  Stalker  
  44  5:55  Probe x2  
  48  6:07  Probe x2  
  50  6:13  Stalker x2  
  54  6:19  Probe x2  
  54  6:20  Observer  
  56  6:31  Probe x2, Charge  
  58  6:43  Probe x2  
  58  6:46  Nexus  
  60  6:49  Assimilator  
  60  6:51  Robotics Bay  
  60  6:55  Probe x2  
  62  7:06  Pylon  
  62  7:13  Pylon  
  62  7:18  Forge  
  62  7:22  Pylon  
  62  7:24  Probe x2  
  64  7:34  Gateway x2  
  64  7:36  Probe x2  
  66  7:38  Colossus (Chrono Boost)  
  72  7:44  Observer  
  72  7:48  Probe x2  
  74  7:55  Observer  
  74  7:56  Extended Thermal Lance  
  74  7:57  Protoss Ground Armor Level 1 (Chrono Boost)  
  74  8:00  Probe  
  74  8:03  Probe x2  
  74  8:05  Gateway  
  77  8:13  Probe  
  77  8:18  Stalker x2  
  82  8:22  Probe  
  82  8:24  Pylon  
  83  8:33  Gateway  
  83  8:35  Colossus (Chrono Boost)  
  87  8:50  Zealot x5  
  97  8:57  Pylon  
  97  9:00  Gateway  
  97  9:04  Sentry  
  97  9:06  Probe x2, Pylon  
  97  9:07  Pylon  
  97  9:08  Pylon  
  101  9:12  Probe  
  100  9:22  Zealot x4  
  108  9:26  Probe x2  
  108  9:31  Stalker x2  
  106  9:35  Colossus  
  106  9:36  Pylon  
  114  9:42  Stalker  
  114  9:46  Zealot x3  
  114  9:51  Probe  
  117  9:57  Stalker x3  
  109  10:12  Probe  
  91  10:14  Probe x2  
  91  10:18  Stalker x3  
  99  10:24  Probe, Zealot x3  
  99  10:26  Probe  
  106  10:34  Stalker  
  107  10:41  Zealot x3  
  109  10:42  Probe  
  109  10:48  Probe  
  97  10:55  Stalker x2  
  100  11:04  Observer (Chrono Boost)  
  100  11:08  Photon Cannon  
  100  11:10  Zealot, Sentry  
  100  11:18  Zealot x3  
  100  11:25  Warp Prism (Chrono Boost)  
  102  11:42  Zealot x4  
  110  11:50  Photon Cannon  
  95  12:02  Sentry x2  
  95  12:03  Sentry  
  97  12:15  Zealot x3  
  90  12:31  Zealot x3  
  81  12:40  Stalker  
  62  12:54  Probe x2  
  52  13:06  Probe  
  52  13:08  Sentry x3  
  59  13:13  Probe  
  59  13:18  Probe  
  59  13:27  Zealot  
  59  13:32  Zealot  
Tags
 
Add a new tag
Caveats
  • Supply blocks, unpowered buildings, or Contaminate may cause inaccurate times.
  • Supply counts are checked every 10 seconds.